 Dungeon Crawl Stone Soup version 0.30-a0-777-ga9a30cbeda (webtiles) character file.

Game seed: 5387493665123631776

25 Flugslaktarn the Ducker (level 3, -3/26 HPs)
             Began as an Octopode Fighter on Feb 13, 2023.
             Slain by a phantom (7 damage)
             ... on level 2 of the Dungeon.
             The game lasted 00:00:25 (814 turns).

Flugslaktarn the Ducker (Octopode Fighter)           Turns: 814, Time: 00:00:25

Health: -3/26      AC:  1    Str: 15    XL:     3   Next: 4%
Magic:  3/3        EV: 13    Int: 10    God:
Gold:   49         SH:  4    Dex: 13    Spells: 2/2 levels left

rFire   . . .      SeeInvis .    a - +0 war axe
rCold   . . .      Faith    .    b - +0 buckler
rNeg    . . .      Spirit   .    (helmet restricted)
rPois   .          Reflect  .    (no amulet)
rElec   .          Harm     .    (no ring)
rCorr   .          Rampage  .    (no ring)
Will    .....                    (no ring)
Stlth   ++                       (no ring)
HPRegen 0.24/turn                (no ring)
MPRegen 0.08/turn                (no ring)
                                 (no ring)
                                 (no ring)

@: no status effects
A: almost no armour, amphibious, 8 rings, camouflage 1, gelatinous body 1,
(nimble swimmer 1), tentacles
a: no special abilities


You were on level 2 of the Dungeon.
You visited 1 branch of the dungeon, and saw 2 of its levels.

You collected 49 gold pieces.

Inventory:

Hand Weapons
 a - a +0 war axe (weapon)
Armour
 b - a +0 buckler (worn)
Scrolls
 e - a scroll of noise {unknown}
 f - a scroll of enchant armour {unknown}
 g - 2 scrolls of identify {unknown}
 j - a scroll of amnesia {unknown}
 l - 3 scrolls of teleportation {unknown}
Potions
 c - 2 potions of magic {unknown}
 d - a potion of might
 h - a potion of berserk rage {unknown}
 i - 2 potions of curing {unknown}
 k - a potion of mutation {unknown}


   Skills:
 + Level 3.2 Fighting
 * Level 2.6 Axes
 + Level 3.2 Dodging
 + Level 3.2 Shields


You had 2 spell levels left.
You didn't know any spells.
Your spell library was empty.

Dungeon Overview and Level Annotations

Branches:
Dungeon (2/15)

Altars:


Innate Abilities, Weirdness & Mutations

You cannot wear most types of armour.
You are amphibious.
You can wear up to eight rings at the same time.
Your skin changes colour to match your surroundings (Stealth+).
Your rubbery body absorbs attacks. (AC +1, EV +1)
((You are camouflaged when in or above water. (Stealth+)))
You have tentacles for arms and can constrict up to eight enemies at once.


Message History

No target in view!
No target in view!
No target in view!
You now have 49 gold pieces (gained 15).
Things that are here:
a +0 club; a goblin corpse
l - 3 scrolls labelled XOILICE ZUMEFU
Found 3 stones.
You see here 3 stones.
You see here a quokka corpse.
A rat comes into view.
A rat is nearby!
You barely miss the rat. You grab the rat. You constrict the rat.
The rat misses you. The rat barely misses you.
You hit the rat.
You kill the rat!
You have reached level 3!
Your experience leads to an increase in your attributes!
Increase (s)trength, (i)ntelligence, or (d)exterity?
You feel agile. x2
You open the door.
There is an open door here.
There is a stone staircase leading down here.
Done exploring.
Done exploring.
Done exploring.
Done exploring.
(D) Dungeon
Where to? (? - help)
There is a stone staircase leading down here.
You climb downwards.
Found a chain mail.
There is a stone staircase leading up here.
An endoplasm is nearby!
Unknown command.
An endoplasm is nearby!
An endoplasm is nearby!
An endoplasm is nearby!
The helpless endoplasm fails to defend itself.
You slash the endoplasm!
You kill the endoplasm!
No target in view!
No target in view!
No target in view!
No target in view!
No target in view!
No target in view!
No target in view!
A phantom comes into view.
The phantom moves out of view.
A phantom is nearby!
A phantom is nearby!
The phantom barely misses you.
You barely miss the phantom. The phantom hits you.
The phantom blinks!
You blink.
A giant cockroach comes into view.
Found a scroll labelled HUAJONOCYO.
The giant cockroach moves out of view.
You barely miss the phantom. The phantom barely misses you.
The phantom completely misses you.
You closely miss the phantom. The phantom misses you.
You hit the phantom. Your squeeze misses the phantom.
The phantom is lightly damaged.
The phantom hits you.
You hit the phantom but do no damage. The phantom hits you. x2
The phantom blinks!
You blink.
An adder comes into view.
Found an embroidered scarf.
You hit the phantom.
The phantom is lightly damaged.
You block the phantom's attack.
You hit the phantom but do no damage. You squeeze the phantom.
The phantom is lightly damaged.
The phantom hits you. The giant cockroach closely misses you.
The phantom hits you.
You barely miss the phantom. You squeeze the phantom!
The phantom is heavily damaged.
You barely miss the giant cockroach. The giant cockroach barely misses you.
The phantom hits you.
The phantom blinks!
You blink.
You barely miss the phantom. Your squeeze misses the phantom.
The phantom is heavily damaged.
You block the phantom's attack.
You slash the phantom!
The phantom is severely damaged.
You hit the giant cockroach. The giant cockroach barely misses you.
The phantom hits you. The giant cockroach closely misses you.
The phantom hits you.
* * * LOW HITPOINT WARNING * * *
The phantom blinks!
You blink.
You are too injured to fight recklessly!
You are too injured to fight recklessly!
You closely miss the phantom.
The phantom is severely damaged.
The phantom hits you.
* * * LOW HITPOINT WARNING * * *
The phantom blinks!
You blink.
You slash the phantom!
The phantom is almost destroyed.
You hit the giant cockroach but do no damage.
The phantom hits you!
You die...

## #[# .. ##.#
##. .##.# #.. .?
.##.# #.#
#.##.##ยง# #.#
#....##.# #.#
#......# #.#
###.# #.B### #.#
#...# #..@W# #.#
##.#.###.##....#
###.###...)....#
###S..#
.............###
#..
#<.####...##.# #
#........###.#
#.######## .#
... ###


You could see a phantom, an adder (asleep) and a giant cockroach.

Vanquished Creatures
  A dart slug (D:1)
  A bat (D:1)
  An endoplasm (D:2)
  A giant cockroach (D:1)
  4 goblins (D:1)
  3 hobgoblins (D:1)
  A kobold (D:1)
  2 quokkas (D:1)
  3 ball pythons (D:1)
  2 rats (D:1)
19 creatures vanquished.

Notes
Turn   | Place    | Note
-------+----------+-------------------------------------------
     0 | D:1      | Flugslaktarn the Octopode Fighter began the quest for the
                  | Orb.
     0 | D:1      | Reached XP level 1. HP: 16/16 MP: 1/1
    66 | D:1      | Reached XP level 2. HP: 21/21 MP: 2/2
   682 | D:1      | Reached XP level 3. HP: 26/26 MP: 3/3
   799 | D:2      | Noticed a phantom
   814 | D:2      | Slain by a phantom

Illustrated notes

Levels and vault maps discovered:
D:1:      dpeg_arrival_lava_temple_mockup, layout_basic
D:2:      layout_loops_ring, grunt_decor_resistance

Action                     || total
---------------------------++-------
  Melee: War axe           ||    46
         Constrict         ||     9
         Tentacles         ||     4
   Stab: Sleeping          ||     2
 Armour: Skin              ||     1
  Dodge: Dodged            ||    28
  Block: Buckler           ||     9

Table legend: (Time is in decaauts)
 A = Elapsed time spent in this place.
 B = Non-inter-level travel time spent in this place.
 C = Inter-level travel time spent in this place.
 D = Time resting spent in this place.
 E = Time spent auto-exploring this place.
 F = Levels seen in this place.
 G = Mean time per level.
                   A        B        C        D        E       F      G
               +--------+--------+--------+--------+--------+-----+--------+
         Total |    832 |    824 |      8 |     51 |    616 |   2 |  416.0 |
       Dungeon |    832 |    824 |      8 |     51 |    616 |   2 |  416.0 |
               +--------+--------+--------+--------+--------+-----+--------+

Top non-repeatable levels by time:
     D:1: 804 daAuts
     D:2: 27 daAuts
